 Dungeon Crawl Stone Soup version 0.31-a0-485-gaadceae713 (webtiles) character file.

Game seed: 8227097290901328125

471 Maratek the Chopper (level 6, -1/56 HPs)
             Began as a Minotaur Fighter on Aug 7, 2023.
             Was an Initiate of Hepliaklqana.
             Slain by Eustachio
             ... wielding a +0 rapier
              (9 damage)
             ... on level 4 of the Dungeon.
             The game lasted 00:05:07 (3269 turns).

Maratek the Chopper (Minotaur Fighter)              Turns: 3269, Time: 00:05:08

Health: -1/56      AC:  7    Str: 22    XL:     6   Next: 83%
Magic:  14/14      EV: 10    Int:  5    God:    Hepliaklqana [......]
Gold:   225        SH:  4    Dex: 10    Spells: 5/5 levels left

rFire   . . .        a - +0 war axe
rCold   . . .        c - +0 buckler
rNeg    . . .        b - +0 scale mail
rPois   .            (helmet restricted)
rElec   .            (no cloak)
rCorr   .            (no gloves)
SInv    .            (no boots)
Will    .....        (no amulet) Stlth
                     n - ring of magical power
HPRegen 0.29/turn    h - ring of wizardry
MPRegen 0.14/turn

%: wizardry (x1)
@: mighty
A: horns 2, retaliatory headbutt
a: Renounce Religion


You were on level 4 of the Dungeon.
You worshipped Hepliaklqana.
Hepliaklqana was noncommittal.
You visited 1 branch of the dungeon, and saw 4 of its levels.

You collected 225 gold pieces.

Inventory:

Hand Weapons
 a - a +0 war axe (weapon)
Armour
 b - a +0 scale mail (worn)
 c - a +0 buckler (worn)
Jewellery
 h - a ring of wizardry (right hand)
 n - a ring of magical power (left hand)
 q - a ring of magical power
Scrolls
 e - 2 scrolls of acquirement {unknown}
 f - 4 scrolls of identify {unknown}
 i - a scroll of fog {unknown}
 j - a scroll of enchant armour {unknown}
 k - a scroll of amnesia {unknown}
 l - a scroll of summoning {unknown}
 m - a scroll of enchant weapon {unknown}
 o - a scroll of poison {unknown}
 s - 2 scrolls of revelation {unknown}
Potions
 g - a potion of degeneration {unknown}
 p - a potion of attraction {unknown}
 r - a potion of enlightenment {unknown}
 t - a potion of brilliance {unknown}
 u - a potion of magic {unknown}
 v - a potion of curing {unknown}


   Skills:
 + Level 5.1 Fighting
 + Level 5.8 Axes
 + Level 5.6 Armour
 + Level 1.3 Dodging
 + Level 0.3 Stealth
 + Level 4.5 Shields


You had 5 spell levels left.
You didn't know any spells.
Your spell library contained the following spells:

 Spells                   Type           Power      Damage    Failure   Level
 Lesser Beckoning         Tloc           0%         N/A       65%         2
 Gell's Gravitas          Tloc           0%         N/A       86%         3
 Teleport Other           Tloc           0%         N/A       86%         3


Dungeon Overview and Level Annotations

Branches:
Dungeon (4/15)
 Temple: D:4-7

Altars:
Hepliaklqana
Uskayaw
Vehumet

Shops:
D:2 (   D:4 :

Annotations:
D:4 Eustachio


Innate Abilities, Weirdness & Mutations

You have a pair of horns on your head.
You reflexively headbutt those who attack you in melee.


Message History

Eustachio blinks!
The river rat attacks as you move away! The river rat barely misses you.
You furiously retaliate!
You headbutt the river rat. The quasit barely misses you. x3
Eustachio casts a spell.
The quasit bites you but does no damage.
The quasit barely misses you.
The quasit claws you but does no damage.
You feel very mighty all of a sudden.
The quasit disappears in a puff of smoke!
You block the river rat's attack.
You barely miss the river rat. You headbutt the river rat!
You kill the river rat!
The river rat's corpse disappears in a puff of smoke!
You closely miss the shadow imp.
Eustachio casts a spell.
The shadow imp gestures at you. Pain shoots through your body!
* * * LOW HITPOINT WARNING * * *
You slash the ufetubus!
You kill the ufetubus!
The ufetubus disappears in a puff of smoke!
You closely miss the shadow imp. The bat hits you but does no damage.
The bat barely misses you. You block the shadow imp's attack.
You barely miss the shadow imp. You slash the bat!
You kill the bat!
The bat's corpse disappears in a puff of smoke!
You block the shadow imp's attack.
You slash the shadow imp!
You kill the shadow imp!
The shadow imp disappears in a puff of smoke!
You slash the rat!
You kill the rat!
The rat's corpse disappears in a puff of smoke!
Eustachio casts a spell.
Eustachio blinks!
Eustachio hits you with a +0 rapier.
* * * LOW HITPOINT WARNING * * *
You completely miss Eustachio.
Eustachio is almost dead.
Eustachio hits you with a +0 rapier!
You die...

#. ######.##.# #.
#.........# #.#####
#.####..... #.....# #.#
#.....#
####...#.####.###.....#
+......................
####...#.####.........#
####ยง##.########.#.###
#.r5.@@...# #.###
#.#####.#.# ##.## #
..#.# ##...## .### #
#.....# #. #.....# #
#.....# ##...## ##.##
## #.####.


You could see Eustachio, a crimson imp (summoned) and a river rat (summoned).

Vanquished Creatures
  Sigmund (D:2)
  2 hounds (D:4)
  An iguana (D:3)
  Jessica (D:2)
  Terence (D:2)
  Robin (D:2)
  4 adders
  A gnoll (D:1)
  A worm (D:2)
  2 dart slugs
  4 orcs (D:4)
  7 bats
  3 endoplasms
  4 giant cockroaches
  21 goblins
  18 hobgoblins
  6 jackals
  7 quokkas
  4 ball pythons
  2 kobolds
  2 rats (D:1)
93 creatures vanquished.

Notes
Turn   | Place    | Note
-------+----------+-------------------------------------------
     0 | D:1      | Maratek the Minotaur Fighter began the quest for the Orb.
     0 | D:1      | Reached XP level 1. HP: 19/19 MP: 0/0
    19 | D:1      | Reached XP level 2. HP: 23/27 MP: 1/1
   725 | D:2      | Reached XP level 3. HP: 33/33 MP: 2/2
   773 | D:2      | Noticed Terence
   780 | D:2      | Killed Terence
   814 | D:2      | Noticed Robin
   836 | D:2      | Killed Robin
   837 | D:2      | Reached XP level 4. HP: 28/41 MP: 3/3
  1040 | D:2      | Noticed Jessica
  1047 | D:2      | Found Tuosidao's Antique Weapon Emporium.
  1048 | D:2      | Killed Jessica
  1229 | D:2      | Noticed Sigmund
  1240 | D:2      | Killed Sigmund
  1241 | D:2      | Reached skill level 5 in Fighting
  1241 | D:2      | Reached skill level 5 in Axes
  1241 | D:2      | Reached skill level 5 in Armour
  1241 | D:2      | Reached XP level 5. HP: 38/48 MP: 4/4
  1241 | D:2      | Reached XP level 6. HP: 45/56 MP: 5/5
  1827 | D:3      | Reached skill level 1 in Dodging
  2408 | D:3      | Found a radiant altar of Vehumet.
  2408 | D:3      | Found a hide-covered altar of Uskayaw.
  2536 | D:3      | Found a hazy altar of Hepliaklqana.
  2565 | D:3      | Became a worshipper of Hepliaklqana the Forgotten
  2668 | D:4      | Found Ziemer's Tremendous Tomes.
  3229 | D:4      | Noticed Eustachio
  3269 | D:4      | Slain by Eustachio

Illustrated notes

Levels and vault maps discovered:
D:1:      psy_arrival_radial02, layout_basic
D:2:      cheibrodos_greedy_goblins, layout_basic, serial_shops, shop,
          uniq_sigmund, uniq_robin, uniq_jessica, uniq_terence
D:3:      layout_rooms, nzn_hepliaklqana_mist_gate,
          gammafunk_temple_overflow_elements, hangedman_decor_lopped
D:4:      minmay_clustersquares, layout_loops_corners,
          nicolae_shop_i_like_big_books, uniq_eustachio

Skill      XL: |  1  2  3  4  5  6 |
---------------+-------------------+-----
Shields        | 4 |  4.5
Fighting       | 4 5 |  5.1
Armour         | 4 5 |  5.6
Axes           | 3 5 |  5.8
Dodging        | 1 |  1.3
Stealth        | |  0.3

Action                     |  1- 3 |  4- 6 || total
---------------------------+-------+-------++-------
  Melee: War axe           |    53 |   179 ||   232
         Headbutt          |     2 |    25 ||    27
    Use: Potion            |       |     1 ||     1
 Armour: Scale mail        |    27 |    83 ||   110
  Dodge: Dodged            |    26 |    91 ||   117
  Block: Buckler           |    20 |    29 ||    49

Table legend: (Time is in decaauts)
 A = Elapsed time spent in this place.
 B = Non-inter-level travel time spent in this place.
 C = Inter-level travel time spent in this place.
 D = Time resting spent in this place.
 E = Time spent auto-exploring this place.
 F = Levels seen in this place.
 G = Mean time per level.
                   A        B        C        D        E       F      G
               +--------+--------+--------+--------+--------+-----+--------+
         Total |   3337 |   3280 |     57 |    295 |   2277 |   4 |  834.2 |
       Dungeon |   3337 |   3280 |     57 |    295 |   2277 |   4 |  834.2 |
               +--------+--------+--------+--------+--------+-----+--------+

Top non-repeatable levels by time:
     D:3: 1012 daAuts
     D:2: 908 daAuts
     D:1: 734 daAuts
     D:4: 681 daAuts
